 Dungeon Crawl Stone Soup version 0.21.1-1-g345015f (webtiles) character file.

23 ChromeMolly the Charlatan (level 2, 0/18 HPs)
             Began as an Octopode Artificer on Mar 6, 2018.
             Killed themself with a badly aimed iceblast (16 damage)
             ... on level 1 of the Dungeon.
             The game lasted 00:06:05 (531 turns).

ChromeMolly the Charlatan (Octopode Artificer)       Turns: 531, Time: 00:06:08

Health: 0/18       AC:  1    Str: 11    XL:     2   Next: 95%
Magic:  5/5        EV: 10    Int: 13    God:
Gold:   40         SH:  6    Dex: 12    Spells: 1/1 levels left

rFire    . . .     SeeInvis .   e - +0 dagger
rCold    . . .     Gourm    .   g - +0 shield
rNeg     . . .     Faith    .   (helmet restricted)
rPois    .         Spirit   .   (no amulet)
rElec    .         Reflect  .   (no ring)
rCorr    .         Harm     .   (no ring)
MR       .....                  (no ring)
Stlth    +++.......             (no ring)
HPRegen  0.06/turn              (no ring)
MPRegen  0.09/turn              (no ring)
                                (no ring)
                                (no ring)

@: no status effects
A: almost no armour, stealthy swim, amphibious, 8 rings, constrict 8, camouflage
1, gelatinous body 1
a: no special abilities


You were on level 1 of the Dungeon.
You were not hungry.

You visited 1 branch of the dungeon, and saw 1 of its levels.

You collected 40 gold pieces.

Inventory:

Hand Weapons
 e - a +0 dagger (weapon)
Missiles
 j - 6 tomahawks of returning (quivered)
Armour
 g - a +0 shield (worn)
Wands
 b - a wand of flame (11)
 c - a wand of enslavement (15)
 d - a wand of random effects (13)
Scrolls
 k - a scroll of fear {unknown}
 l - a scroll of amnesia {unknown}
Potions
 a - 2 potions of agility {unknown}
 h - a potion of resistance {unknown}
 i - a potion of haste {unknown}
Comestibles
 f - a ration


   Skills:
 + Level 1.0 Fighting
 + Level 1.0 Short Blades
 + Level 2.0 Dodging
 * Level 1.5 Stealth
 * Level 0.4 Spellcasting
 + Level 4.3 Evocations


You had one spell level left.
You didn't know any spells.

Dungeon Overview and Level Annotations

Branches:
Dungeon (1/15)

Altars:


Innate Abilities, Weirdness & Mutations

You cannot wear most types of armour.
You are very stealthy in the water. (Stealth+)
You are amphibious.
You can wear up to eight rings at the same time.
You can use your tentacles to constrict eight enemies at once.
Your skin changes colour to match your surroundings (Stealth+).
Your rubbery body absorbs attacks. (AC +1, EV +1)


Message History

The jackal barks! x2
The jackal bites you but does no damage.
The jackal closely misses you.
Aiming: Random Effects
Press: ? - help, Shift-Dir - straight line, f - jackal
Aim: a jackal The jackal barely resists.
You block the jackal's attack.
Your shield prevents you from hitting the jackal.
The jackal barks!
You grab the jackal. You constrict the jackal. The jackal bites you. x2
Aiming: Random Effects
Press: ? - help, Shift-Dir - straight line, f/p - jackal
Aim: a jackal (constricted by you)
The mass of ice explodes!
The iceblast engulfs the jackal.
You kill the jackal!
The iceblast engulfs the jackal.
You kill the jackal!
The iceblast engulfs you!
Ouch! That really hurt!
You die... #.PPP.PPP...PPP. #.PPP.PP.PPP.PP. #.PP.PP.PP.PP.PP ##.PP.P.PP.P.PP.P #..PP.P.P.PPP.P.P #.#PP.P.PP.P.PP.P ##.#PP.PP.PP.PP.PP #..#PPP.PP.PPP.PP. #@##PPP.PPP...PPP. ######†##PPPP..PPPPP..P #..h.†h..PPPPPP.....PPP #h.......PPPPPPPP.PPPPP

#.....r..##........####
#..................#
#........##........####
#%.......##..........>.
#.....?..##........###.


You could see a jackal and a rat.

Vanquished Creatures
  A dart slug (D:1)
  A giant cockroach (D:1)
  2 hobgoblins (D:1)
  2 jackals (D:1)
  A kobold (D:1)
  4 bats (D:1)
  A frilled lizard (D:1)
  4 goblins (D:1)
  3 rats (D:1)
19 creatures vanquished.

Notes
Turn   | Place    | Note
-------+----------+-------------------------------------------
     0 | D:1      | ChromeMolly the Octopode Artificer began the quest for the Orb.
     0 | D:1      | Reached XP level 1. HP: 13/13 MP: 3/3
    89 | D:1      | Reached XP level 2. HP: 18/18 MP: 4/4
   142 | D:1      | Reached skill level 4 in Evocations
   531 | D:1      | Killed themself with a badly aimed iceblast

Skill      XL: |  1  2 |
---------------+-------+-----
Evocations     | 4 |  4.3
Fighting       | |  1.0
Short Blades   | |  1.0
Dodging        | |  2.0
Stealth        | |  1.5
Spellcasting   | |  0.4

Action                   || total
-------------------------++-------
Melee: Short sword       ||     5
       Constrict         ||     7
       Dagger            ||    20
       Tentacles         ||     2
Evoke: Wand              ||     6
 Stab: Sleeping          ||     5
Armor: Skin              ||     1
Dodge: Dodged            ||     9
Block: Shield            ||     1
